 Dungeon Crawl Stone Soup version 0.23-a0-577-g2b1de94 (webtiles) character file.

31 Lanoc the Poker (level 3, -3/29 HPs)
             Began as a Human Chaos Knight on Dec 15, 2018.
             Was a Plaything of Xom.
             Slain by Robin
             ... wielding a +0 club
              (4 damage)
             ... on level 2 of the Dungeon.
             The game lasted 00:01:03 (404 turns).

Lanoc the Poker (Human Chaos Knight)                 Turns: 404, Time: 00:01:05

Health: -3/29      AC:  5    Str: 13    XL:     3   Next: 40%
Magic:  3/3        EV: 11    Int: 12    God:    Xom [*.....]
Gold:   80         SH:  0    Dex: 12    Spells: 2/2 levels left

rFire    . . .     SeeInvis .   a - +0 spear (chaos)
rCold    . . .     Gourm    .   (no shield)
rNeg     . . .     Faith    .   b - +2 leather armour
rPois    .         Spirit   .   (no helmet)
rElec    .         Reflect  .   (no cloak)
rCorr    .         Harm     .   (no gloves)
MR       .....                  (no boots)
Stlth    +.........             (no amulet)
HPRegen  0.09/turn              (no ring)
MPRegen  0.08/turn              (no ring)

@: drained
A: no striking features
a: Renounce Religion


You were on level 2 of the Dungeon.
You worshipped Xom.
You were a special plaything of Xom.
You were not hungry.

You visited 1 branch of the dungeon, and saw 2 of its levels.

You collected 80 gold pieces.

Inventory:

Hand Weapons
 a - a +0 spear of chaos (weapon)
Armour
 b - a +2 leather armour (worn)
Scrolls
 f - a scroll of amnesia {unknown}
 g - a scroll of identify {unknown}
Potions
 d - a potion of haste {unknown}
 e - a potion of mutation {unknown}
Comestibles
 c - 3 rations


   Skills:
 + Level 3.2(3.1) Fighting
 * Level 3.5(3.4) Polearms
 + Level 2.3(2.2) Armour
 + Level 1.6(1.5) Dodging


You had 2 spell levels left.
You didn't know any spells.
Your spell library was empty.

Dungeon Overview and Level Annotations

Branches:
Dungeon (2/15)

Altars:

Annotations:
D:2 Robin


Message History

You are too injured to fight recklessly!
You hit Robin but do no damage.
Robin seems to speed up.
Xom is highly amused!
Robin is lightly wounded.
You are now a special plaything of Xom.
Robin misses you.
You closely miss Robin.
Robin is lightly wounded.
Robin hits you but does no damage. Robin barely misses you.
You barely miss Robin.
Robin is lightly wounded.
Robin zaps a wand.
The puff of flame hits you!
* * * LOW HITPOINT WARNING * * *
You barely miss Robin.
Robin is lightly wounded.
Robin zaps a wand.
The puff of flame hits you!
* * * LOW HITPOINT WARNING * * *
Robin hits you with a +0 club.
You die...
Xom howls with laughter!

#................
#...######.##.##. #...
#.##.#.. #.# #.##....
#.#######.####..
#.......#.####.. .)###
#...#...#.......
.....§###..###......##.#
#.§@g...#...###†##..
#####§.............#
#........#...#.#
#........#...#.#
#####.##.#...#
#..g..##.##.##
#.....gg###.....
#.....g.# ####.##
#.....g!# .#


You could see Robin.

Vanquished Creatures
  A leopard gecko (D:2)
  A bat (D:1)
  2 giant cockroaches
  11 goblins (D:2)
  2 hobgoblins (D:1)
  2 jackals (D:1)
  A frilled lizard (D:1)
  2 kobolds
  A rat (D:1)
23 creatures vanquished.

Vanquished Creatures (collateral kills)
  A giant cockroach (D:1)
1 creature vanquished.

Grand Total: 24 creatures vanquished

Notes
Turn   | Place    | Note
-------+----------+-------------------------------------------
     0 | D:1      | Lanoc the Human Chaos Knight began the quest for the Orb.
     0 | D:1      | Reached XP level 1. HP: 18/18 MP: 1/1
    80 | D:1      | Reached XP level 2. HP: 24/24 MP: 2/2
   219 | D:1      | XOM: harmless Conj miscast
   353 | D:2      | XOM: silly message
   372 | D:2      | Noticed Robin
   376 | D:2      | Reached XP level 3. HP: 25/29 MP: 3/3
   400 | D:2      | XOM: smoke on damage
   404 | D:2      | HP: 1/29 [Robin/wand of flame (12) (4)]
   404 | D:2      | Slain by Robin

Vault maps used:
D:1:      sevenhm_arrival_forest_fort_small_4
D:2:      chequers_ecumenical_altar_grove, makhleb_heckhound_becter, uniq_robin

Action                   || total
-------------------------++-------
Melee: Spear             ||    62
 Stab: Paralysed         ||     1
       Sleeping          ||     1
Armor: Leather armour    ||     9
Dodge: Dodged            ||    29

Table legend:
 A = Non-vault XP
 B = Vault XP
 C = Vault XP percentage of total XP
 D = Non-vault monster count
 E = Vault monster count
 F = Vault count percentage of total count
                 A         B        C        D         E       F
            +---------+---------+-------+---------+---------+-------
      Total |      25 |      20 |  44.4 |      14 |      10 |  41.7
            +---------+---------+-------+---------+---------+-------
        D:1 |      17 |       0 |   0.0 |      10 |       0 |   0.0
        D:2 |       8 |      20 |  71.4 |       4 |      10 |  71.4
            +---------+---------+-------+---------+---------+-------
